 Dungeon Crawl Stone Soup version 0.21-a0-122-g43b3ea6 (webtiles) character file.

79 sagitran the Skirmisher (level 4, -1/35 HPs)
             Began as a Demonspawn Abyssal Knight on July 13, 2017.
             Was a Believer of Lugonu.
             Slain by a worm (5 damage)
             ... on level 3 of the Dungeon.
             The game lasted 00:08:15 (1809 turns).

sagitran the Skirmisher (Demonspawn Abyssal Knight) Turns: 1809, Time: 00:08:18

Health: -1/35      AC:  4    Str: 13    XL:     4   Next: 17%
Magic:  6/6        EV: 11    Int: 13    God:    Lugonu [**....]
Gold:   113        SH:  0    Dex: 17    Spells: 3/3 levels left

rFire    x . .     SeeInvis .   a - +1 hand axe
rCold    + . .     Gourm    .   (no shield)
rNeg     . . .     Faith    .   b - +0 leather armour
rPois    .         Spirit   .   (no helmet)
rElec    .         Reflect  .   q - +0 cloak
rCorr    .         Harm     .   (no gloves)
MR       .....                  (no boots)
Stlth    ++........             (no amulet)
HPRegen  0.11/turn              z - ring of ice
MPRegen  0.10/turn              (no ring)

@: no status effects
A: thin skeletal structure 2
a: Depart the Abyss, Bend Space, Renounce Religion


You were on level 3 of the Dungeon.
You worshipped Lugonu.
Lugonu was pleased with you.
You were full.

You visited 1 branch of the dungeon, and saw 4 of its levels.
You visited the Abyss 1 time.

You collected 113 gold pieces.

Inventory:

Hand Weapons
 a - a +1 hand axe (weapon)
 i - a +2 hunting sling of freezing
Missiles
 d - 30 poisoned needles
 k - 12 javelins (quivered)
 m - 26 sling bullets
 x - 96 stones
Armour
 b - a +0 leather armour (worn)
 q - a +0 cloak (worn)
Jewellery
 z - a ring of ice (left hand)
Scrolls
 e - a scroll of teleportation {unknown}
 o - a scroll of noise {unknown}
 r - 2 scrolls of identify {unknown}
 t - a scroll of amnesia {unknown}
 u - 2 scrolls of remove curse {unknown}
 v - a scroll of enchant armour {unknown}
 y - a scroll of enchant weapon {unknown}
Potions
 f - 2 potions of mutation {unknown}
 h - a potion of agility {unknown}
 j - 3 potions of curing
 l - a potion of heal wounds {unknown}
 n - a potion of degeneration {unknown}
 p - 2 potions of ambrosia {unknown}
 s - a potion of cancellation {unknown}
 w - a potion of invisibility {unknown}
Comestibles
 g - 2 royal jellies
 A - 3 fruits


   Skills:
 + Level 3.4 Fighting
 + Level 2.3 Axes
 + Level 1.2(1.3) Slings
 + Level 0.5(1.0) Throwing
 + Level 2.3 Armour
 + Level 1.2 Dodging
 + Level 0.2 Stealth
 + Level 2.8 Invocations


You had 3 spell levels left.
You didn't know any spells.

Dungeon Overview and Level Annotations

Branches:
Dungeon (4/15)
 Temple: D:4-7

Altars:


Innate Abilities, Weirdness & Mutations

You have a moderately thin skeletal structure. (Dex +4, Stealth+)


Message History

You barely miss the orc.
The orc is lightly wounded.
You hit the orc but do no damage. You barely miss the worm.
The orc hits you with a short sword. The worm bites you!
* * * LOW HITPOINT WARNING * * *
The orc barely misses you.
It was a potion of curing.
You feel better. The orc closely misses you.
You barely miss the orc.
The orc is severely wounded.
You barely miss the orc. You barely miss the worm.
The orc hits you with a flail. The orc hits you but does no damage.
The worm bites you.
You hit the orc.
You kill the orc!
Lugonu accepts your kill.
You completely miss the orc. You hit the worm but do no damage.
The orc hits you with a short sword!
* * * LOW HITPOINT WARNING * * *
The worm bites you.
You die...

#. ### #. #.. #. #.#
#. #.# #...... # #.#
##......
#.#####.####.##.###.#
##..w)........#. #.
#...o@.(........ #.
#.....####.######. #.
#.... #.### .. #...
#...# #.. ###.# #.
#.# # #.# #.# #.#


You could see a worm and an orc.

Vanquished Creatures
  An adder (D:2)
  A worm (D:3)
  A dart slug (D:2)
  A leopard gecko (D:2)
  2 orcs (D:3)
  8 bats
  3 giant cockroaches
  6 goblins (D:1)
  10 hobgoblins
  3 jackals (D:2)
  10 kobolds
  A quokka (D:2)
  5 frilled lizards
  9 rats
61 creatures vanquished.

Notes
Turn   | Place    | Note
-------+----------+-------------------------------------------
     0 | Abyss:1  | sagitran the Demonspawn Abyssal Knight began the quest for the Orb.
     0 | Abyss:1  | Reached XP level 1. HP: 18/18 MP: 2/2
    23 | D:1      | Escaped the Abyss
    66 | D:1      | Reached * piety under Lugonu
    74 | D:1      | Gained mutation: You have a somewhat thin skeletal structure. (Dex +2, Stealth) [demonic ancestry]
    74 | D:1      | Reached XP level 2. HP: 10/24 MP: 4/4
   211 | D:1      | Reached skill level 1 in Dodging
   599 | D:2      | Reached XP level 3. HP: 29/29 MP: 5/5
   809 | D:1      | Reached ** piety under Lugonu
  1694 | D:3      | Reached skill level 1 in Slings
  1694 | D:3      | Gained mutation: You have a moderately thin skeletal structure. (Dex +4, Stealth+) [demonic ancestry]
  1694 | D:3      | Reached XP level 4. HP: 24/35 MP: 6/6
  1715 | D:3      | Paralysed by fainting for 11 turns
  1730 | D:3      | Paralysed by fainting for 8 turns
  1809 | D:3      | Slain by a worm

Vault maps used:
D:1:      dpeg_arrival_chase, grunt_decor_cap
D:2:      minmay_misc_feat_tiny, kennysheep_generic_room_15
D:3:      lemuel_coloured_pillars_altar
D:4:      bloody_trog, old_standard_altar, serial_shops,
          nicolae_shop_window_shopping, first_bread, uniq_blork_the_orc

Skill      XL: |  1  2  3 |
---------------+----------+-----
Axes           | 2 |  2.3
Dodging        | 1 |  1.2
Armour         | 2 |  2.3
Slings         | 1 |  1.2
Fighting       | |  3.4
Throwing       | |  0.5
Stealth        | |  0.2
Invocations    | |  2.8

Action                   |  1- 3 |  4- 6 || total
-------------------------+-------+-------++-------
Melee: Hand axe          |    96 |    10 ||   106
 Fire: Hunting sling     |    40 |     8 ||    48
Throw: Javelin           |     5 |       ||     5
Invok: Depart the Abyss  |     1 |       ||     1
  Use: Potion            |       |     1 ||     1
 Stab: Sleeping          |     2 |       ||     2
  Eat: Bread ration      |       |     2 ||     2
Armor: Leather armour    |    38 |     8 ||    46
Dodge: Dodged            |    96 |    13 ||   109
